 Dungeon Crawl Stone Soup version 0.17-a0-1951-g62301d3 (webtiles) character file.

39 Ordine the Sneak (level 3, 3/16 HPs)
             Began as a Spriggan Enchanter on Oct 3, 2015.
             Quit the game on level 2 of the Dungeon.
             The game lasted 00:03:34 (857 turns).

Ordine the Sneak (Spriggan Enchanter)                Turns: 857, Time: 00:03:34

Health: 3/16       AC:  3    Str:  4      XL:     3   Next: 28%
Magic:  3/9        EV: 18    Int: 15 (17) God:
Gold:   46         SH:  0    Dex: 16      Spells: 3 memorised, 4 levels left

rFire  . . .     SeeInvis +     a - +1 dagger
rCold  . . .     Clarity  .     b - +1 robe
rNeg   . . .     SustAt   .     (shield restricted)
rPois  .         Gourm    .     (helmet restricted)
rElec  .         Spirit   .     (no cloak)
rCorr  .         Warding  .     (gloves unavailable)
rMut   .         Stasis   .     (boots unavailable)
MR     .....                    (no amulet)
Stlth  +++.......               (no ring)
                                (no ring)

@: lethally poisoned (3 -> -1), very slightly contaminated, very quick, not
resistant to hostile enchantments, fairly stealthy
A: unfitting armour, see invisible, herbivore 3, speed 3, slow metabolism 2
a: no special abilities


You were on level 2 of the Dungeon.
You were not hungry.

You visited 1 branch of the dungeon, and saw 2 of its levels.

You collected 46 gold pieces.

Inventory:

Hand weapons
 a - a +1 dagger (weapon)
Armour
 b - a +1 robe (worn)
Scrolls
 h - 3 scrolls of identify
Potions
 e - a potion of degeneration
 f - a potion of magic
Books
 c - a book of Maledictions

   Spells                             Type                      Level
   a - Corona                         Hexes                        1
   b - Ensorcelled Hibernation        Hexes/Ice                    2
   c - Confuse                        Hexes                        3
   d - Tukima's Dance                 Hexes                        3
   e - Dazzling Spray                 Conjuration/Hexes            3
Comestibles
 d - 2 bread rations


   Skills:
 + Level 2.0 Short Blades
 - Level 3.0 Dodging
 - Level 4.4 Stealth
 * Level 4.2 Spellcasting
 - Level 3.6 Hexes


You had 4 spell levels left.
You knew the following spells:

 Your Spells              Type           Power        Failure   Level  Hunger
a - Corona                Hex            ##.....      4%          1    None
b - Ensorcelled Hibernat  Hex/Ice        #.....       14%         2    ##.....
c - Confuse               Hex            ##......     14%         3    ###....


Dungeon Overview and Level Annotations

Branches:
Dungeon (2/15)

Altars:

Annotations:
D:2 Jessica


Innate Abilities, Weirdness & Mutations

You are tiny and cannot use many weapons and most armour.
You have supernaturally acute eyesight.
You are a herbivore.
You cover ground extremely quickly.
You need consume almost no food.


Message History

The jackal is severely wounded.
You feel sick. The jackal bites you.
You feel sick.
You feel sick.
You feel sick.
A jackal comes into view.
You feel sick.
You hit the jackal.
The jackal is heavily wounded.
The jackal bites you.
* * * LOW HITPOINT WARNING * * *
The jackal barely misses you. The jackal closely misses you.
* * * LOW HITPOINT WARNING * * *
You feel sick.
Drink which item? (? for menu, Esc to quit)
It was a potion of degeneration.
There was something very wrong with that liquid.
You feel dopey.
Are you sure you want to abandon this character and quit the game? (Confirm with "yes".)

#..# #..####.# #...#
#..####.# +....#
##.......#
#.....####.....########.
#.....+.....†...)....)..
......####..h.h########.
.....## ##.#h## ###.#
#@# #+# #.# #.# #.# #
#<# #.# ..##.## #.#
#.#...## #.# #......#
#.# #.#†<.##########.#
.#.#.####........#


You could see 3 jackals.

Vanquished Creatures
  2 adders (D:2)
  A giant gecko (D:1)
  3 goblins (D:1)
  2 jackals (D:1)
  3 kobolds
  5 bats (D:1)
  A giant newt (D:1)
  3 rats (D:1)
20 creatures vanquished.

Notes
Turn   | Place    | Note
--------------------------------------------------------------
     0 | D:1      | Ordine the Spriggan Enchanter began the quest for the Orb.
     0 | D:1      | Reached XP level 1. HP: 9/9 MP: 5/5
    88 | D:1      | Reached XP level 2. HP: 10/13 MP: 7/7
    94 | D:1      | Learned a level 2 spell: Ensorcelled Hibernation
   723 | D:2      | Reached XP level 3. HP: 16/16 MP: 6/9
   728 | D:2      | Learned a level 3 spell: Confuse
   798 | D:2      | Noticed Jessica
   857 | D:2      | Quit the game

Vault maps used:
D:1:      saegor_arrival_simple_a
D:2:      minivault_25, nicolae_ru_path_of_blood, uniq_jessica, uniq_robin,
          uniq_sigmund

Action                   || total
-------------------------++-------
Melee: Dagger            ||    55
 Cast: Corona            ||     3
       Ensorcelled Hiber ||     1
  Use: Scroll            ||     4
       Potion            ||     2
 Stab: Sleeping          ||    10
